Cogmind - Beta 11.1 *** ADVENTURER MODE // 2022.05.01 @ 13:51:10 Player: Fgdfgfthgr Result: Destroyed by as-08456 with Assembled Blade Performance ------------- Evolutions (0) 0 Regions Visited (2) 400 Robots Destroyed (34) 170 Value Destroyed (752) 752 Prototype IDs (3) 60 Alien Tech Used (0) 0 Bonus (110) 110 TOTAL SCORE: 1492 Bonus ------- Follower Combat Kills 110 Cogmind --------- Core Integrity 0/250 Matter 300/300 Energy 250/250 System Corruption 3% Temperature Cool (12) Movement Walking (190) Ox1 Location -10/Mines Parts ------- > --- POWER (1) -------- Ion Engine > --- PROPULSION (2) --- Aluminum Leg Carbon-fiber Leg > --- UTILITY (2) ------ Improved Heat Sink Large Storage Unit > --- WEAPON (2) ------- Light Assault Rifle > --- INVENTORY (15) --- Ion Engine Light Angular Momentum Engine Light Treads Light Treads Aluminum Leg Aluminum Leg Aluminum Leg Aluminum Leg Carbon-fiber Leg Improved Heat Sink Improved Heat Sink Compact Matter Pod (150) Beamcaster Grenade Launcher Katana Peak State ------------ > --- POWER ------------ Ion Engine > --- PROPULSION ------- Aluminum Leg Carbon-fiber Leg > --- UTILITY ---------- Improved Heat Sink Large Storage Unit > --- WEAPON ----------- Beamcaster Light Assault Rifle > --- INVENTORY -------- Ion Engine Light Angular Momentum Engine Light Treads Light Treads Aluminum Leg Aluminum Leg Aluminum Leg Aluminum Leg Carbon-fiber Leg Improved Heat Sink Improved Heat Sink Compact Matter Pod Beamcaster Grenade Launcher Katana [Rating: 18] Favorites ----------- Power Ion Engine Engine Ion Engine Propulsion Aluminum Leg Leg Aluminum Leg Utility Large Storage Unit Device Improved Heat Sink Storage Large Storage Unit Protection Utility Shielding Weapon Light Assault Rifle Energy Gun EM Pulse Gun Ballistic Gun Light Assault Rifle Build | -11 -10 -10 ------- Run | Scr Mat Min Slots Evolved . | . . . Power . | . . . Propulsion . | . . . Utility . | . . . Weapon . | . . . Parts Attached 16 | . 7 9 Power 2 | . 1 1 Engine 2 | . 1 1 Core . | . . . Reactor . | . . . Propulsion 6 | . 3 3 Treads . | . . . Leg 6 | . 3 3 Wheel . | . . . Hover . | . . . Flight . | . . . Utility 3 | . 2 1 Device 1 | . . 1 Storage 1 | . 1 . Processor . | . . . Hackware . | . . . Protection 1 | . 1 . Artifact . | . . . Weapon 5 | . 1 4 Energy Gun 4 | . 1 3 Energy Cannon . | . . . Ballistic Gun 1 | . . 1 Ballistic Cannon . | . . . Launcher . | . . . Special Weapon . | . . . Impact Weapon . | . . . Slashing Weapon . | . . . Piercing Weapon . | . . . Special Melee Weapon . | . . . Unidentified Prototypes . | . . . Parts Lost 5 | . 3 2 Power 1 | . 1 . Propulsion 1 | . 1 . Utility . | . . . Weapon 3 | . 1 2 Highest Loss Streak 3 | . 3 1 To Critical Strikes . | . . . Average Slot Usage (%) 96 | . 95 99 Engine 13 | . 13 14 Leg 27 | . 27 28 Storage 14 | . 14 14 Protection 10 | . 10 11 Energy Gun 8 | . 4 18 Ballistic Gun 19 | . 23 8 Naked Turns . | . . . Heaviest Build 33 | 12 29 33 Greatest Support 25 | 20 20 25 Greatest Overweight (x) 2 | . 2 1 Average Overweight (x) . | . . 1 Largest Inventory Capacity 15 | . 15 15 Average Capacity 14 | . 14 15 Most Carried 15 | . 15 15 Average Carried 12 | . 11 14 Final Capacity 15 | 8 15 15 Final Carried 15 | 6 15 15 Class Distribution -------------------- 72% | Mutant 27% | Scavenger-Mutant Dominant Class ---------------- Mutant | -10/Materials Scavenger-Mutant | -10/Mines Resources | -11 -10 -10 ----------- Run | Scr Mat Min Matter Collected 623 | 200 176 247 Remotely . | . . . Salvage Created 1177 | . 891 286 Parts 71 | . 49 22 Haulers Intercepted 2 | . 2 . Recyclers Shooed 1 | . 1 . Parts Field Recycled . | . . . Retrieved Matter . | . . . Parts Self-Destructed . | . . . Prevented . | . . . Kills | -11 -10 -10 ------- Run | Scr Mat Min Combat Hostiles Destroyed 28 | . 16 12 Guns 27 | . 15 12 AOE 1 | . 1 . Classes Destroyed 7 | . 6 1 Worker 1 | . 1 . Hauler 2 | . 2 . Recycler 2 | . 2 . Watcher 2 | . 2 . Swarmer 11 | . 3 8 Grunt 16 | . 13 3 Assembled 1 | . . 1 Best Kill Streak 6 | . 6 3 Combat Bots Only 5 | . 5 3 Max Kills in Single Turn 1 | . 1 1 Gunslinging . | . . . Exploded 1 | . 1 . Melee . | . . . Uniques/NPCs Destroyed . | . . . Combat | -11 -10 -10 -------- Run | Scr Mat Min Damage Taken 1087 | . 679 408 Core 259 | . 192 67 Absorbed by Shields . | . . . Redirected to Shielding 13 | . 11 2 Core Remaining (%) 100 | 100 . . Volleys Fired 101 | . 76 25 Largest 2 | . 2 2 Hottest 115 | . 60 115 Shots Fired 201 | . 152 49 Gun 201 | . 152 49 Cannon . | . . . Launcher . | . . . Special . | . . . Kinetic 131 | . 122 9 Thermal 29 | . . 29 Explosive . | . . . Electromagnetic 41 | . 30 11 Robot Hit Streak 33 | . 33 30 Robot Miss Streak 3 | . 3 3 Penetration Max . | . . . Secondary Targets 8 | . 5 3 Max Gunslinging Chain 1 | . 1 1 Shots Hit Robots 159 | . 126 33 Core Hits 66 | . 50 16 Critical Kills . | . . . Critical Parts Destroyed . | . . . Critical Strikes 4 | . . 4 Burn 4 | . . 4 Melee Attacks . | . . . Impact . | . . . Slashing . | . . . Piercing . | . . . Sneak Attacks . | . . . Combat Hostiles . | . . . Follow-up Attacks . | . . . Damage Inflicted 1863 | . 1334 529 Guns 1750 | . 1221 529 Cannons . | . . . Explosions 113 | . 113 . Melee . | . . . Ramming . | . . . Kinetic 834 | . 803 31 Thermal 526 | . 113 413 Explosive . | . . . Electromagnetic 503 | . 418 85 Impact . | . . . Slashing . | . . . Piercing . | . . . Highest Corruption 3 | . . 3 Average Corruption 3 | . . 3 Corruption Purged . | . . . Corruption Blocked . | . . . Overload Shots . | . . . Overflow Damage . | . . . Projectiles . | . . . Explosions . | . . . Melee . | . . . Knockbacks . | . . . Impact . | . . . Kinetic . | . . . Secondary . | . . . Self-Inflicted Damage . | . . . Shots . | . . . Rammed . | . . . Targets Rammed . | . . . Kicked . | . . . Crushed . | . . . Highest Temperature 324 | . 132 324 Average Temperature 70 | . 38 106 Received Heat Transfer 561 | . 441 120 Effects 3 | . . 3 Energy Bleed 3 | . . 3 Siege Activations . | . . . Robots Corrupted . | . . . Combat Hostiles . | . . . Parts Fried . | . . . Impact Corruptions . | . . . Robots Melted . | . . . Combat Hostiles . | . . . Parts Melted 3 | . . 3 Heat Transferred 1176 | . 150 1026 Parts Sabotaged . | . . . Parts Stolen . | . . . Parts Stripped . | . . . Power Chain Reactions 2 | . 2 . Missiles Intercepted . | . . . Alert | -11 -10 -10 ------- Run | Scr Mat Min Peak Influence 357 | . 236 357 Initial 73 | . . 73 Average 121 | . 77 212 Maximum Alert Level 1 | . 1 1 Low Security (%) 66 | . 83 29 Level 1 33 | . 16 70 Level 2 . | . . . Level 3 . | . . . Level 4 . | . . . Level 5 . | . . . High Security . | . . . Max Security . | . . . Squads Dispatched 6 | . 3 3 Investigation 4 | . 3 1 Extermination . | . . . Reinforcement . | . . . Assault 2 | . . 2 Garrison . | . . . Intercept . | . . . Searches Triggered . | . . . Construction Impeded . | . . . Haulers Reinforced . | . . . Active Scanning Responses . | . . . Cargo Convoy Interrupts . | . . . Stealth | -11 -10 -10 --------- Run | Scr Mat Min Distress Signals . | . . . Communications Jammed . | . . . Distress Signals . | . . . Times Spotted 42 | . 22 20 Peak Tracking Total 10 | . 3 10 Tactical Retreats . | . . . Traps | -11 -10 -10 ------- Run | Scr Mat Min Traps Triggered 4 | . 4 . Indirectly . | . . . Trap Hack Attempts . | . . . Triggered . | . . . Disarmed . | . . . Reprogrammed . | . . . Reused . | . . . Traps Extracted . | . . . Installed . | . . . Triggered . | . . . Machines | -11 -10 -10 ---------- Run | Scr Mat Min Machines Disabled 1 | . . 1 Max in Single Turn 1 | . . 1 Machines Sabotaged . | . . . Garrisons Compromised . | . . . Overloaded Fab Kills . | . . . Hacking | -11 -10 -10 --------- Run | Scr Mat Min Machines Accessed 10 | . 9 1 Terminals 7 | . 7 . Fabricators . | . . . Repair Stations . | . . . Recycling Units 2 | . 2 . Scanalyzers . | . . . Garrison Access . | . . . Total Hacks 26 | . 25 1 Successful 12 | . 11 1 Failed 14 | . 14 . Catastrophic 1 | . 1 . Database Lockouts . | . . . Manual 16 | . 16 . Terminals 20 | . 20 . Fabricators . | . . . Repair Stations . | . . . Recycling Units 5 | . 5 . Scanalyzers . | . . . Garrison Access . | . . . Terminal Hacks 9 | . 8 1 Robot Analysis 2 | . 2 . Prototype ID Bank 2 | . 2 . Open Door 1 | . . 1 Recycling Unit Index 1 | . 1 . Unreport Threat 1 | . 1 . Locate Traps 2 | . 2 . Fabricator Hacks . | . . . Repair Station Hacks . | . . . Recycling Unit Hacks . | . . . Scanalyzer . | . . . Garrison Access Hacks . | . . . Unauthorized Hacks 3 | . 3 . Terminals 1 | . 1 . Botnet 1 | . 1 . Fabricators . | . . . Repair Stations . | . . . Recycling Units 2 | . 2 . Tunnel 2 | . 2 . Scanalyzers . | . . . Garrison Access . | . . . Data Cores Recovered . | . . . Used . | . . . Hacking Detections 7 | . 7 . Full Trace Events 1 | . 1 . Feedback Events . | . . . Feedback Blocked . | . . . Robot Schematics Acquired . | . . . Robots Built . | . . . Authchips . | . . . Time . | . . . Total Robot Build Rating . | . . . Part Schematics Acquired . | . . . Parts Built . | . . . Authchips . | . . . Time . | . . . Total Part Build Rating . | . . . Parts Repaired . | . . . Time . | . . . Parts Recycled . | . . . Recycled Matter . | . . . Retrieved Matter . | . . . Retrieved Components . | . . . Parts Scanalyzed . | . . . Part Schematics Acquired . | . . . Parts Damaged . | . . . Bothacking | -11 -10 -10 ------------ Run | Scr Mat Min Used RIF Installer . | . . . Robots Hacked . | . . . Non-combat . | . . . Combat . | . . . Robot Hacks Applied . | . . . Relay Couplers Released . | . . . Fabnet Peak Effective % . | . . . Robots Rewired . | . . . Allies Hacked . | . . . Hacks Repelled . | . . . Allies | -11 -10 -10 -------- Run | Scr Mat Min Total Allies 1 | . . 1 Largest Group 1 | . . 1 Highest-Rated Group 31 | . . 31 Highest-Rated Ally 31 | . . 31 Total Orders . | . . . Ally Attacks 9 | . . 9 Total Damage 146 | . . 146 Kills 4 | . . 4 Allies Corrupted . | . . . Allies Melted . | . . . Intel | -11 -10 -10 ------- Run | Scr Mat Min Robot Analysis Total 2 | . 2 . Derelict Logs Recovered . | . . . Drone Launches . | . . . Drone Recoveries . | . . . Exploration | -11 -10 -10 ------------- Run | Scr Mat Min Turns Passed 2213 | . 1496 717 Spaces Moved 909 | 1 657 251 Core . | . . . Treads . | . . . Legs 909 | 1 657 251 Wheels . | . . . Hover . | . . . Flight . | . . . Fastest Speed 120 | 120 120 190 Average Speed 187 | 120 186 190 Slowest Speed 260 | 120 260 190 Overloaded Moves . | . . . Propulsion Burnouts . | . . . Robots Hopped . | . . . Cave-ins Triggered . | . . . Exploration Rate (%) 51 | 2 92 61 Regions Visited 2 Branch Regions 1 Pre-discovered Areas 2 | . 2 . Known Exits Taken . | . . . Unknown Exits Taken 2 | 1 1 . Scrap Searched 1 | . . 1 Spaces Dug . | . . . Terrain Destroyed 5 | . 5 . Melee . | . . . Projectile . | . . . AOE 5 | . 5 . Terrain Rammed . | . . . Walls Destroyed . | . . . Machines Disabled . | . . . Actions | -11 -10 -10 --------- Run | Scr Mat Min Total 1260 | . 802 458 Wait 189 | . 45 144 Move 907 | . 656 251 Hop . | . . . Pick Up 23 | . 12 11 Fast Attach 7 | . 4 3 Attach 2 | . 1 1 Detach 1 | . 1 . Swap 7 | . 2 5 Drop 23 | . 5 18 Fire 101 | . 76 25 Melee . | . . . Ram . | . . . Kick . | . . . Crush . | . . . Escape Stasis . | . . . Rewire . | . . . Trap . | . . . Miscellaneous . | . . . Route ------- -11/Scrapyard -10/Materials (discovered 5 exits: [*Mat x3] / *Min x2) -10/Mines (discovered 1 exit: [*Mat]) History --------- Turn | Location | Event 1 | -11/Scrapyard | Discovered new exit (range 0) 1 | -11/Scrapyard | Entered Materials 134 | -10/Materials | Discovered new exit (range 9) 262 | -10/Materials | Discovered new exit (range 11) 300 | -10/Materials | Build established: Mutant 553 | -10/Materials | Discovered new exit (range 16) 768 | -10/Materials | Discovered new exit (range 12) 990 | -10/Materials | Discovered new exit (range 10) 1065 | -10/Materials | Core integrity fell below 50% 1103 | -10/Materials | Lost 3 parts (1p1n1w) 1497 | -10/Materials | Entered Mines 1508 | -10/Mines | Met a Derelict shopkeep closing up shop 1680 | -10/Mines | Core integrity fell below 20% 1839 | -10/Mines | Discovered new exit (range 7) 1894 | -10/Mines | Met a Derelict testing a Signal Generator 1913 | -10/Mines | Build established: Scavenger-Mutant 2190 | -10/Mines | Assembled infested the area 2214 | -10/Mines | Destroyed by as-08456 with Assembled Blade Last Messages --------------- 02065_ Dropped Aluminum Leg. 02069_ Acquired Aluminum Leg. 02069_ Acquired 10 matter. 02075_ Dropped Aluminum Leg. 02075_ Acquired Carbon-fiber Leg. 02077_ Dropped Aluminum Leg. 02077_ Acquired Aluminum Leg. 02080_ Dropped Aluminum Leg. 02080_ Acquired Aluminum Leg. 02095_ Dropped Imp. Heat Sink. 02095_ Acquired Imp. Heat Sink. 02098_ Dropped Utility Shielding. 02100_ Acquired Imp. Heat Sink. 02117_ Acquired 10 matter. 02190_ ALERT: Infestation in the mines, dispatching Demolisher response squad. 02207_ as-43683 destroyed. 02207_ Switching to secondary target: as-08059. 02212_ Beamcaster destroyed. 02212_ System corrupted by crushing effect (+3). Map ----- +----------------------------------------------------+ | | | | | | | | | ??????????????????????????????????????????? | | ??????????????????????????????????????????? | | ??????????????????????????????????????????? | | ??????????????????????????????????????????? | | ??????????????????????????????????????????? | | ?????????????????????????????????????????## | | ????????????????????????????????????????## | | ????????????????????????????????????????# | | ?????????????###?####????????????#####??# | | ????????????## ## #???????????# ##??# | | ????????????# ??????????? #??# | | ????????????# ??????????? #??## | | ????????????# ??????????# #????# | | ????????????# ?????????## #????? | | ?????????????# #????????## #????? | | ?????????????# #??????### #????? | | ??????????????# ##????## #????? | | ???????????????# ###### #????? | | ????????????????# """ t #????? | | ?????????????????# """ #????# | | ?????????????????# """ ######### #????# | | ?????????????????#@a ##??????## ##???# | | ?????????????????#aa ##??????# ##### | | ?????????????????# aaa ##?????# | | ?????????????????## aa #?????## #### | | ??????????????????### a #??????## ##??# | | ????????????????????## #???????## #???# | | ?????????????????????# ##????????# ##### | | ?????????????????????# ###?????????# | | ?????????????????????# #???????????####### | | ?????????????????????# #?????????????????? | | ????????????????????? #?????????????????? | | ?????????????????????# ??????????????## | | ?????????????????????# #?????????????## | | ????????????????????? #?????????????# | | ????????????????????? ###?????????????# | | ????????????????????? ????????????????# | | ????????????????????? ????????????????## | | ????????????????????? ?????????????????## | | ????????????????????? ??????????????????## | | ????????????????????? ???????????????????# | | ????????????????????? ??????????????????# | | ???????????????????????????????????????# | | ??????????????????????????????????????# | | ????????????????????????????????????? | | ????????????????????????????????????? | +----------------------------------------------------+ Best States ------------- Heat Dissipation 39 Energy Generation 10 Energy Capacity 250 Matter Stores 300 Matter Capacity 300 Sight Range 16 Terrain Scan Density 10 Resistance: KI 20 Resistance: TH 20 Resistance: EX 20 Resistance: EM 20 Resistance: I 20 Resistance: S 20 Resistance: P 20 Utility Shielding 33 Evasion (%) 55 Offensive Hacking 10 Item Schematics ----------------- None Robot Schematics ------------------ None Fabricated ------------ Nothing Alien Tech Used ----------------- None Achievements -------------- None Challenges ------------ None Game ------ Seed IntegritySwordRedistributor Manual? 0 Play Time 00:13:06 Cumulative 131.8 hours Start 2022.05.01 @ 13:41:24 End 2022.05.01 @ 13:51:10 Sessions 1 Manual Loads 0 Difficulty Adventurer Special Mode None Game No. 60 Rogue 0 Adventurer 60 Explorer 0 Win Type - Total 10 Types 5/1/1/0/1/0/0/1/1 Lore% 85 Gallery% 76 Achievement% 70 Wizard Run 0 Options --------- ASCII 0 Keyboard 1 Movement Numpad Keybinds 0 Fullscreen 2 Font 18/SmallcapsGlow Map View 76x50 Tactical HUD 1 Map Filters NONE Filters NONE Steam 1 RUN: b1629c4e-6f83-4bfe-ae07-59f96c283fef